[Event "Early-Titled-Tuesday-Blitz-January-30-2024"]
[Site "Chess.com"]
[Date "2024.01.30"]
[Round "8"]
[White "pfalcon1949"]
[Black "Xsu11"]
[Result "0-1"]
[WhiteElo "1964"]
[BlackElo "2338"]
[TimeControl "180+1"]
[EndTime "9:30:11 PST"]
[Termination "Xsu11 won on time"]

1. e4 d6 2. d4 Nf6 3. Nc3 g6 4. Nf3 Bg7 5. Be2 O-O 6. O-O c6 7. a4 a5 8. h3 Na6 9. Be3 Nb4 10. b3 Qc7 11. Qd2 Re8 12. Rac1 Bd7 13. Rfd1 Rad8 14. d5 Bc8 15. Bh6 Bh8 16. dxc6 bxc6 17. Bc4 d5 18.
exd5 cxd5 19. Bb5 Bd7 20. Bxd7 Rxd7 21. Nb5 Qc8 22. Ne5 Rdd8 23. f4 Ne4 24. Qe1 Na2 25. Ra1 Qxc2 26. Nd4 Qc5 27. Kh2 Nb4 28. Qh4 Qd6 29.
Nb5 Qf6 30. Qe1 Qf5 31. Nd4 Qc8 32. Qf1 Qa6 33. Qf3 Rc8 34. f5 Bxe5+ 35. Bf4 Qd6 36. g3 Bxf4 37. gxf4 Rc3 0-1

[Event "Early-Titled-Tuesday-Blitz-January-30-2024"]
[Site "Chess.com"]
[Date "2024.01.30"]
[Round "8"]
[White "PawnEatingZombie"]
[Black "kai_nov"]
[Result "1-0"]
[WhiteElo "2164"]
[BlackElo "2253"]
[TimeControl "180+1"]
[EndTime "9:30:12 PST"]
[Termination "PawnEatingZombie won on time"]

1. e4 c5 2. c3 e6 3. d4 cxd4 4.
cxd4 d5 5. e5 Nc6 6. Nf3 Bb4+ 7.
Nc3 Nge7 8. Bd3 O-O 9. O-O Ng6 10. Bg5 Be7 11. Bxe7 Qxe7 12. Nb5 a6 13. Nd6 f5 14.
Qd2 Bd7 15. a3 Rfd8 16. Nxb7 Rdb8 17. Nd6 a5 18. a4 Nb4 19. Bb5 Bxb5 20. Nxb5 Rc8 21.
Rac1 Rxc1 22. Rxc1 Qd7 23. Rc7 Qd8 24. g3 Rc8 25.
Qc3 Rxc7 26. Qxc7 Qxc7 27. Nxc7 Kf7 28. Ng5+ Ke7 29. Ngxe6 Nd3 30. Nxg7 Nxb2 31. Nxd5+ Kf7 32. Nxf5 Nxa4 33. Nfe3 Nb2 34. Nc3 a4 35. f4 Ne7 36.
f5 Nc6 37. Nc2 a3 38. g4 Na5 39. Nxa3 Nb3 40. Nc2 Nd3 41. g5 Nf4 42. e6+ Ke7 43. d5 1-0

[Event "Early-Titled-Tuesday-Blitz-January-30-2024"]
[Site "Chess.com"]
[Date "2024.01.30"]
[Round "8"]
[White "Alenzer"]
[Black "Maftuna2303"]
[Result "0-1"]
[WhiteElo "2135"]
[BlackElo "2423"]
[TimeControl "180+1"]
[EndTime "9:30:13 PST"]
[Termination "Maftuna2303 won by resignation"]

1. e4 e5 2. Nf3 Nc6 3. Bb5 Nf6 4. O-O Nxe4 5. Re1 Nd6 6. a4 Be7 7. Nc3 O-O 8. d4 exd4 9. Nd5 Re8 10. Bf4 a6 11. Bd3 f6 12. Nxe7+ Rxe7 13. Bxd6 cxd6 14. Nh4 Re5 15. Nf5 d5 16. Qg4 Qf8 17. Nxd4 d6 18.
Qh4 Nxd4 19. Qxd4 Be6 20. Qh4 g6 21. f4 Rxe1+ 22. Rxe1 Re8 23. f5 Bf7 24. fxg6 Bxg6 25. h3 Re5 26. Bxg6 hxg6 27. Qf2 Qf7 28. Rd1 Qe6 29.
Rd2 Kg7 30. g3 Re1+ 31. Kg2 Qe4+ 32. Qf3 Rg1+ 33. Kf2 Rf1+ 34. Kxf1 Qxf3+ 35. Rf2 Qh1+ 36. Ke2 Qxh3 37. Rf3 Qg4 38. Ke3 Qxa4 39. b3 Qe4+ 40. Kf2 Qxc2+ 41. Kg1 d4 42. Rf2 d3 43. Kg2 d2 0-1

[Event "Early-Titled-Tuesday-Blitz-January-30-2024"]
[Site "Chess.com"]
[Date "2024.01.30"]
[Round "8"]
[White "NikolaGry"]
[Black "Sjakkerntobi"]
[Result "1-0"]
[WhiteElo "2714"]
[BlackElo "2512"]
[TimeControl "180+1"]
[EndTime "9:30:15 PST"]
[Termination "NikolaGry won by resignation"]

1. e4 e6 2. Nf3 d5 3. Nc3 d4 4. Ne2 c5 5. c3 Nf6 6. Ng3 a6 7. cxd4 cxd4 8. Bc4 Nc6 9. d3 Na5 10. Bb3 Nxb3 11. Qxb3 Bc5 12. O-O O-O 13. Bf4 Qb6 14. Rfc1 Qxb3 15. axb3 Bb6 16. Bd6 Rd8 17. Bc7 Bxc7 18.
Rxc7 Bd7 19. Rac1 Bb5 20. Ne5 Nd7 21. Nxd7 Rxd7 22. Rxd7 Bxd7 23. Ne2 e5 24. f4 f6 25.
fxe5 fxe5 26. Rc5 Re8 27. Kf2 Bb5 28. Nc1 Kf7 29. Ke2 Ke6 30. b4 Kd6 31. Nb3 b6 32. Rc1 Rf8 33. Nd2 h5 34. Nc4+ Bxc4 35. Rxc4 g5 36. Rc1 Rf7 37. Ra1 Kc6 38. Rxa6 Kb5 39. Ra8 Rc7 40. Re8 Rc2+ 41. Kf3 Rd2 42. Rxe5+ Kxb4 43. Rxg5 Rxd3+ 44. Kf4 Re3 45. Rxh5 Re1 46. Rd5 Kc4 47. h4 Rf1+ 48. Ke5 d3 49. Rd4+ Kc5 1-0

[Event "Early-Titled-Tuesday-Blitz-January-30-2024"]
[Site "Chess.com"]
[Date "2024.01.30"]
[Round "8"]
[White "IngOscarArdila"]
[Black "anasta10"]
[Result "1-0"]
[WhiteElo "2348"]
[BlackElo "2493"]
[TimeControl "180+1"]
[EndTime "9:30:15 PST"]
[Termination "IngOscarArdila won by resignation"]

1. d4 Nf6 2. c4 g6 3. Nc3 Bg7 4. Nf3 O-O 5. e3 d6 6. Be2 c5 7. O-O cxd4 8. Nxd4 Nc6 9. Bf3 Nxd4 10. exd4 e5 11. Bg5 h6 12. Bh4 g5 13. Bg3 Qe7 14. Re1 Nd7 15. Nd5 Qd8 16. dxe5 Nxe5 17. Be4 f5 18.
Bxe5 Bxe5 19. Bd3 Be6 20. Qh5 Kg7 21. f4 Bd4+ 22. Kh1 Bf7 23. Qf3 Bg6 24. Re7+ Rf7 25. Rae1 g4 26. Qd1 Bf6 27. Rxf7+ Bxf7 28. Bxf5 h5 29.
Be6 Qf8 30. Nxf6 Kxf6 31. Qd4+ Kg6 32. f5+ Kh7 33. h3 Re8 34. hxg4 Bxe6 35. fxe6 hxg4 36.
Qxg4 Qh6+ 37. Kg1 Re7 38. Qf5+ Qg6 39. Qh3+ Kg8 40. b3 Qf6 41. Qg4+ Rg7 42. Qe2 Qd4+ 43.
Qe3 Qg4 44. Re2 Re7 45. Qe4 Qg5 46. Rf2 Qc5 47. Kf1 Rg7 48. e7 Rxe7 49. Qxe7 1-0

[Event "Early-Titled-Tuesday-Blitz-January-30-2024"]
[Site "Chess.com"]
[Date "2024.01.30"]
[Round "8"]
[White "Nouali_Mohamed"]
[Black "VeraVujovic"]
[Result "1-0"]
[WhiteElo "2499"]
[BlackElo "2253"]
[TimeControl "180+1"]
[EndTime "9:30:15 PST"]
[Termination "Nouali_Mohamed won by resignation"]

1. e4 e5 2. Bc4 Nf6 3. Nc3 c6 4. d4 exd4 5. Qxd4 Qe7 6. Nge2 Qc5 7. Be3 Qxd4 8. Bxd4 Bb4 9. a3 Ba5 10. e5 Ne4 11. b4 Nxc3 12. Nxc3 Bc7 13. Ne4 O-O 14.
O-O-O b5 15. Bb3 a5 16. f4 axb4 17. axb4 Na6 18. c3 Bb7 19. h4 h6 20. Rhe1 Rfe8 21.
g4 Nb8 22. g5 hxg5 23. hxg5 Ra1+ 24. Kb2 Rxd1 25. Rxd1 d5 26. exd6 Bd8 27. Nc5 Re2+ 28. Kc1 Bc8 29. g6 Be6 30. Nxe6 fxe6 31. f5 Bg5+ 32.
Kb1 Kf8 33. fxe6 Ke8 34. Rh1 Bh6 35. e7 Kd7 36. Rxh6 gxh6 37. g7 Rg2 38. Bf7 Kxd6 39. e8=Q Nd7 40. g8=Q Rh2 41. Qg3+ 1-0

[Event "Early-Titled-Tuesday-Blitz-January-30-2024"]
[Site "Chess.com"]
[Date "2024.01.30"]
[Round "8"]
[White "tacticthunder"]
[Black "rasmussvane"]
[Result "0-1"]
[WhiteElo "2813"]
[BlackElo "2977"]
[TimeControl "180+1"]
[EndTime "9:30:16 PST"]
[Termination "rasmussvane won by resignation"]

1. e4 c6 2. d4 d5 3. exd5 cxd5 4. Bd3 Nc6 5. c3 Nf6 6. h3 g6 7. Nf3 Bf5 8. O-O Bxd3 9. Qxd3 Bg7 10. Bf4 O-O 11.
Nbd2 e6 12. Rfe1 a6 13. a4 Rc8 14. b4 Ne7 15. a5 Nf5 16. Nb3 Nd6 17. Nc5 Rc7 18.
Nd2 Re7 19. Re2 Rfe8 20. Rae1 Nh5 21. Bh2 Bh6 22. g3 Nf6 23. Nf3 Nfe4 24. Ne5 f6 25. Ng4 Bg7 26. Ne3 Nxc5 27. dxc5 Nf7 28. Rd1 Ne5 29.
Qc2 Qc8 30. c4 d4 31. Ng4 d3 32. Rxd3 Nxd3 33. Qxd3 Qc6 34. Rd2 f5 35. Ne3 Rf7 36.
g4 f4 37. Nd1 g5 38. f3 Bf6 39. Qd6 Qa4 40. Qd3 Rd8 41. Qe2 Rxd2 42. Qxd2 Rd7 0-1

[Event "Early-Titled-Tuesday-Blitz-January-30-2024"]
[Site "Chess.com"]
[Date "2024.01.30"]
[Round "8"]
[White "Nikolakis2014"]
[Black "GMBenjaminBok"]
[Result "0-1"]
[WhiteElo "2759"]
[BlackElo "2940"]
[TimeControl "180+1"]
[EndTime "9:30:16 PST"]
[Termination "GMBenjaminBok won by resignation"]

1. Nf3 d5 2. d4 Nf6 3. c4 e6 4. g3 Bb4+ 5. Nbd2 dxc4 6. Bg2 b5 7. O-O Bb7 8. a4 a6 9. axb5 axb5 10. Rxa8 Bxa8 11. Nxc4 O-O 12. Nce5 Be7 13. Bg5 Nbd7 14.
Bxf6 Nxf6 15. Qb3 Qb8 16. Rc1 Rc8 17. Nc6 Bxc6 18. Rxc6 Bd6 19. e3 h6 20. h3 Nd5 21.
Ne5 Ne7 22. Rc1 Bxe5 23. dxe5 c5 24. f4 c4 25. Qd1 Nf5 26. Qe1 Qb6 27. Kf2 Rd8 28. Rc3 Qc5 29. Be4 b4 30. Rc2 b3 31.
Rd2 Rxd2+ 32. Qxd2 g6 33. g4 Ne7 34. Qd6 Qa7 35.
Qb4 Nd5 36. Bxd5 exd5 37. f5 gxf5 38. gxf5 Qd7 39. Qd6 Qxf5+ 40. Kg3 Qg6+ 41. Kf4 Qxd6 42. exd6 Kf8 43. Ke5 c3 44. bxc3 b2 45. Kxd5 b1=Q 46. d7 Ke7 47. Kc6 Kd8 0-1

[Event "Early-Titled-Tuesday-Blitz-January-30-2024"]
[Site "Chess.com"]
[Date "2024.01.30"]
[Round "8"]
[White "ritanovikova"]
[Black "FLYD"]
[Result "1-0"]
[WhiteElo "2203"]
[BlackElo "2045"]
[TimeControl "180+1"]
[EndTime "9:30:16 PST"]
[Termination "ritanovikova won on time"]

1. e4 c6 2. d4 d5 3. Nd2 dxe4 4.
Nxe4 Bf5 5. Ng3 Bg6 6. h4 h6 7. h5 Bh7 8. Nf3 Nd7 9. Bd3 Bxd3 10. Qxd3 e6 11. Bf4 Qa5+ 12. c3 Ngf6 13. Qc4 Be7 14. O-O-O O-O 15. Kb1 Rac8 16. Ne5 c5 17.
Nxd7 Nxd7 18. d5 e5 19. d6 Bf6 20. Bxh6 gxh6 21. Qg4+ Kh8 22. Qxd7 Rcd8 23. Qf5 Bg7 24. Qe4 f6 25. Nf5 Rf7 26. Rh3 Qb5 27. Rg3 Qd7 28.
Rg6 Qe6 29. Nxh6 Bxh6 30. Rxh6+ Kg8 31. Rg6+ Kf8 32. h6 Ke8 33. Rg8+ Kd7 34. Rxd8+ Kxd8 35. h7 Qe8 36. Rh1 Qh8 37. Qg6 Rf8 38. Qh6 Kd7 39. Rh3 Kxd6 40. Rg3 Kc7 41. Rg7+ Kc6 42. Qg6 Rd8 43.
Rg8 Rxg8 44. hxg8=Q Qh1+ 45. Kc2 1-0

[Event "Early-Titled-Tuesday-Blitz-January-30-2024"]
[Site "Chess.com"]
[Date "2024.01.30"]
[Round "8"]
[White "ATM622"]
[Black "Viktor_Poddubnyi"]
[Result "1-0"]
[WhiteElo "2462"]
[BlackElo "2305"]
[TimeControl "180+1"]
[EndTime "9:30:17 PST"]
[Termination "ATM622 won on time"]

1. d4 g6 2. c4 Bg7 3. g3 Nf6 4. Bg2 O-O 5. Nf3 d6 6. O-O Nc6 7. Nc3 Bg4 8. b3 Nd7 9. e3 e5 10. d5 e4 11. Nxe4 Bxa1 12. dxc6 bxc6 13. h3 Bf5 14. Nh4 Be6 15. f4 f5 16. Ng5 Qe7 17.
Bxc6 Nb6 18. a4 a5 19. Bxa8 Rxa8 20. Qf3 Bf6 21. Nxe6 Qxe6 22. Ng2 Re8 23. Rd1 Qe4 24. Qxe4 Rxe4 25. Kf2 Nd7 26. Bd2 Nc5 27. Bxa5 Nxb3 28. Bxc7 Rxc4 29. Rxd6 Be7 30. Rd7 Kf8 31. Be5 Rxa4 32.
Rb7 Nc5 33. Rb8+ Kf7 34. Ne1 Ne4+ 35. Ke2 Ra2+ 36. Kd3 Rg2 37. g4 fxg4 38. hxg4 Rg3 39. Kxe4 1-0

[Event "Early-Titled-Tuesday-Blitz-January-30-2024"]
[Site "Chess.com"]
[Date "2024.01.30"]
[Round "8"]
[White "cycygogne"]
[Black "Alimpic"]
[Result "0-1"]
[WhiteElo "2275"]
[BlackElo "2516"]
[TimeControl "180+1"]
[EndTime "9:30:17 PST"]
[Termination "Alimpic won by checkmate"]

1. Nf3 d5 2. b3 Bf5 3. Bb2 e6 4. e3 Nf6 5. Ne5 Nbd7 6. f4 Bd6 7.
d3 c6 8. Nd2 Bxe5 9. fxe5 Ng4 10.
Nf3 Nxe3 11. Qe2 Nxf1 12. Rxf1 O-O 13. h3 h6 14. O-O-O a5 15. g4 Bh7 16. h4 a4 17.
g5 h5 18. g6 Bxg6 19. Rg1 axb3 20. axb3 c5 21. Ng5 Re8 22. Nh3 Qxh4 23. Qf3 Bf5 24. Nf2 c4 25. Rh1 Qg5+ 26. Kb1 cxb3 27. cxb3 g6 28.
Rdg1 Bg4 29. Nxg4 hxg4 30. Rxg4 Qf5 31. Qh3 Kf8 32. Rf1 Qh5 33. Qf3 Qh7 34. Rh1 Qg7 35.
Rgh4 Ke7 36. Qf4 Kd8 37. Qb4 Qf8 38. Qxb7 Rb8 39. Qa7 Qc5 40. Qa4 Qb5 41. Qa7 Qxd3+ 42. Ka2 Qb5 43. Ra4 Qxb3+ 44. Ka1 Qxb2# 0-1

[Event "Early-Titled-Tuesday-Blitz-January-30-2024"]
[Site "Chess.com"]
[Date "2024.01.30"]
[Round "8"]
[White "C_K_G"]
[Black "Felix-Rose"]
[Result "1-0"]
[WhiteElo "2164"]
[BlackElo "2344"]
[TimeControl "180+1"]
[EndTime "9:30:18 PST"]
[Termination "C_K_G won on time"]

1. e4 e5 2. Nf3 Nc6 3. Bc4 Nf6 4. Ng5 d5 5. exd5 Na5 6. Bb5+ c6 7. dxc6 bxc6 8. Qf3 Be7 9. Bxc6+ Nxc6 10. Qxc6+ Bd7 11. Qc4 O-O 12. Nc3 Rc8 13. Qd3 h6 14. Nge4 Nxe4 15. Nxe4 f5 16. Nc3 Kh8 17. O-O Bc5 18. Kh1 e4 19. Qe2 Qh4 20. f4 exf3 21. Qxf3 Bc6 22. Qg3 Qf6 23. d3 g5 24. Bd2 Rb8 25. Rae1 Rxb2 26.
Qe5 Bd4 27. Qxf6+ Rxf6 28. Ne2 Rxc2 29. Bxg5 hxg5 30. Nxd4 Bxg2+ 31. Kg1 Rxa2 32. Rxf5 Rxf5 33. Nxf5 Bh3 34. Ng3 Rg2+ 35. Kh1 Rd2 36. Ne4 Bg2+ 37. Kg1 Bxe4 38. Rxe4 Rxd3 39. Re8+ 1-0

[Event "Early-Titled-Tuesday-Blitz-January-30-2024"]
[Site "Chess.com"]
[Date "2024.01.30"]
[Round "8"]
[White "Resignify"]
[Black "Better_Chess_Faster"]
[Result "1-0"]
[WhiteElo "2267"]
[BlackElo "2132"]
[TimeControl "180+1"]
[EndTime "9:30:18 PST"]
[Termination "Resignify won by checkmate"]

1. e4 Nf6 2. Nc3 e5 3. Nf3 Nc6 4. g3 Bc5 5. Bg2 O-O 6. O-O d6 7. d3 a6 8. a3 Ng4 9. h3 Nf6 10. b4 Ba7 11. Be3 Bxe3 12. fxe3 Nh5 13. Kh2 f5 14. exf5 Bxf5 15. g4 Bxg4 16. hxg4 Nf6 17. g5 Ng4+ 18. Kg1 Nxe3 19. Qe2 Nxf1 20. Rxf1 Qd7 21. Nd5 Ne7 22. Nxe7+ Qxe7 23. Qe4 c6 24. d4 Rf4 25. Qe3 Raf8 26. dxe5 dxe5 27. Qxe5 Qd8 28.
Qe3 Kh8 29. Qd3 Qc8 30. Ne5 Rxf1+ 31. Bxf1 Qe6 32. Nf3 Qg4+ 33. Bg2 Qe6 34. c4 h6 35. gxh6 gxh6 36. c5 Rg8 37. Qd4+ Kh7 38. Qd3+ Kh8 39. Qc3+ Kh7 40. Qc2+ Kh8 41. Qd2 Qg6 42.
Kf1 Qb1+ 43. Kf2 Qg6 44. Kg1 Qg3 45. Qxh6# 1-0

[Event "Early-Titled-Tuesday-Blitz-January-30-2024"]
[Site "Chess.com"]
[Date "2024.01.30"]
[Round "8"]
[White "TigrVShlyape"]
[Black "Oleksandr_Bortnyk"]
[Result "0-1"]
[WhiteElo "2930"]
[BlackElo "3117"]
[TimeControl "180+1"]
[EndTime "9:30:19 PST"]
[Termination "Oleksandr_Bortnyk won on time"]

1. d4 Nf6 2. Bf4 b6 3. Nf3 Bb7 4. e3 d6 5. h3 Nbd7 6. a4 a6 7. Nbd2 e6 8. Bd3 Be7 9. Qe2 Nd5 10. c3 Nxf4 11. exf4 c5 12. Be4 Bxe4 13. Qxe4 d5 14. Qd3 cxd4 15. cxd4 O-O 16. O-O Bd6 17. g3 Qb8 18. Rac1 Qb7 19. Rc2 b5 20. axb5 Qxb5 21. Qxb5 axb5 22. Rfc1 Bb4 23. Ne5 Nxe5 24. fxe5 Bxd2 25.
Rxd2 Ra4 26. Rc5 Rb8 27. Kf1 g5 28. Ke2 Kg7 29. Ke3 Rb4 30. Kd3 Kg6 31. Rdc2 Ra8 32.
Kc3 Rc4+ 33. Kd3 Rb4 34. Kc3 Rc4+ 35. Kd3 Raa4 36. R5xc4 bxc4+ 37. Kc3 Kf5 38. Re2 h5 39. Re3 g4 40. hxg4+ hxg4 41. f3 Ra7 42. fxg4+ Kxg4 43. Kb4 Rb7+ 44. Ka3 Rb8 45. Rc3 Ra8+ 46. Kb4 Rb8+ 47. Ka3 Rh8 48. Kb4 Rh2 0-1

[Event "Early-Titled-Tuesday-Blitz-January-30-2024"]
[Site "Chess.com"]
[Date "2024.01.30"]
[Round "8"]
[White "Chernobay_Artem"]
[Black "artin10862"]
[Result "1-0"]
[WhiteElo "2662"]
[BlackElo "2850"]
[TimeControl "180+1"]
[EndTime "9:30:20 PST"]
[Termination "Chernobay_Artem won by resignation"]

1. d4 Nf6 2. c4 g6 3. Nc3 Bg7 4. e4 d6 5. Be2 O-O 6. Nf3 e5 7. O-O Na6 8. Be3 Ng4 9. Bg5 Qe8 10. dxe5 dxe5 11. h3 Nf6 12. Be3 b6 13. Qc2 Bb7 14.
a3 Nc5 15. Bxc5 bxc5 16. Nd5 Qd8 17. Rad1 Nd7 18. Qd2 Nb6 19. Qa5 c6 20. Ne3 Qe7 21.
b4 Rfd8 22. bxc5 Nd7 23. Qc7 Rab8 24. Rd6 Bf6 25. Ng4 Kf8 26. Nxf6 Nxf6 27. Rxd8+ Rxd8 28. Qxe5 Qxe5 29. Nxe5 Nxe4 30. Bf3 Nd2 31. Rc1 Rc8 32.
Rd1 Rd8 33. Kh1 Ke7 34. Bxc6 Bc8 35. Bd5 Kf6 36. Nxf7 Rxd5 37. cxd5 Ne4 38. Re1 Nxc5 39. Nd6 Bd7 40. Ne4+ Nxe4 41. Rxe4 1-0

[Event "Early-Titled-Tuesday-Blitz-January-30-2024"]
[Site "Chess.com"]
[Date "2024.01.30"]
[Round "8"]
[White "wannabe2700"]
[Black "ContrVersia"]
[Result "1-0"]
[WhiteElo "2654"]
[BlackElo "2836"]
[TimeControl "180+1"]
[EndTime "9:30:20 PST"]
[Termination "wannabe2700 won on time"]

1. b3 Nf6 2. Bb2 g6 3. Nf3 Bg7 4. g3 b6 5. Bg2 Bb7 6. O-O O-O 7.
c4 c5 8. d4 cxd4 9. Qxd4 d6 10. Rd1 Nbd7 11. Nc3 Rc8 12. Qe3 a6 13. Nd4 Bxg2 14.
Kxg2 Rc7 15. Kg1 Rc5 16. Rd2 Re8 17. Rad1 Qa8 18. Qf3 Qxf3 19. exf3 Rec8 20. f4 h5 21.
Re2 e5 22. Nc2 exf4 23. Rxd6 fxg3 24. hxg3 b5 25. Rxa6 bxc4 26. b4 Rg5 27. Kf1 h4 28.
gxh4 Rh5 29. a4 Rxh4 30. a5 Rh1+ 31. Kg2 Rh5 32. Ra7 Rb8 33. b5 Nc5 34. b6 Nd3 35. Ba3 Nf4+ 36. Kg1 Nxe2+ 37. Nxe2 Ne4 38. b7 Rg5+ 39.
Ng3 Nxg3 40. Ra8 Ne4+ 41. Kf1 Be5 42. a6 Nd2+ 43. Ke2 Bc7 44. a7 Re5+ 45. Kxd2 Ba5+ 46. Kd1 1-0

[Event "Early-Titled-Tuesday-Blitz-January-30-2024"]
[Site "Chess.com"]
[Date "2024.01.30"]
[Round "8"]
[White "simonachess"]
[Black "otrov-11"]
[Result "0-1"]
[WhiteElo "2352"]
[BlackElo "2496"]
[TimeControl "180+1"]
[EndTime "9:30:20 PST"]
[Termination "otrov-11 won on time"]

1. d4 Nf6 2. c4 e6 3. Nf3 b6 4. g3 Bb7 5. Bg2 Be7 6. O-O O-O 7. Nc3 Ne4 8. Qc2 Nxc3 9. Qxc3 Be4 10.
Rd1 Bf6 11. Ne1 Bxg2 12. Nxg2 c5 13. e3 Nc6 14. b3 Rc8 15. Bb2 cxd4 16. exd4 d5 17.
Ne3 dxc4 18. bxc4 h5 19. Rac1 Qd7 20. Qd2 Rfd8 21. d5 Ne5 22. Bxe5 Bxe5 23. Qe2 g6 24. dxe6 Qxe6 25. Nd5 Re8 26. Qf3 Bg7 27. h4 Qe4 28.
Qxe4 Rxe4 29. f3 Re2 30. Kf1 Rce8 31. Re1 R2e6 32. Rxe6 Rxe6 33. Re1 Rd6 34. Re8+ Bf8 35. Ke2 b5 36. Kd3 bxc4+ 37. Kxc4 Ra6 38. Kb3 Ra3+ 39. Kb2 Rxf3 40. Ra8 Rxg3 41. Nf6+ Kg7 42. Ne8+ Kh7 43. Nf6+ Kg7 44. Ne8+ Kh6 45. Nc7 Bc5 46. Nd5 Rf3 0-1

[Event "Early-Titled-Tuesday-Blitz-January-30-2024"]
[Site "Chess.com"]
[Date "2024.01.30"]
[Round "8"]
[White "vasblesk"]
[Black "averageFM"]
[Result "1-0"]
[WhiteElo "2759"]
[BlackElo "2569"]
[TimeControl "180+1"]
[EndTime "9:30:21 PST"]
[Termination "vasblesk won by checkmate"]

1. d4 Nf6 2. c4 c5 3. d5 b5 4.
cxb5 a6 5. e3 g6 6. Nc3 Bg7 7.
a4 O-O 8. e4 d6 9. Bc4 axb5 10.
Bxb5 Ba6 11. Be2 Bxe2 12. Ngxe2 Na6 13. O-O Nb4 14. Nf4 Nd7 15. Nd3 Nxd3 16. Qxd3 Ne5 17. Qe2 c4 18. Be3 Nd3 19. Rfb1 Qa5 20. Nb5 Rfb8 21. Nd4 Bxd4 22. Bxd4 Rb3 23. Bc3 Qc5 24. a5 f6 25. g3 Ra6 26. Kg2 Rb5 27. f4 Nb4 28.
Qd2 Nd3 29. Qe2 f5 30. exf5 Qxd5+ 31. Kg1 Qxf5 32. Rf1 Qc5+ 33. Kg2 Qd5+ 34. Rf3 e6 35. Rf1 Nc5 36. Kg1 Kf7 37. g4 Qe4 38. Qd2 d5 39. f5 exf5 40. gxf5 Nd3 41. fxg6+ Kxg6 42. Rf6+ Kg7 43. Qh6+ Kg8 44. Qf8# 1-0

[Event "Early-Titled-Tuesday-Blitz-January-30-2024"]
[Site "Chess.com"]
[Date "2024.01.30"]
[Round "8"]
[White "GOGIEFF"]
[Black "jcibarra"]
[Result "1-0"]
[WhiteElo "2999"]
[BlackElo "2877"]
[TimeControl "180+1"]
[EndTime "9:30:22 PST"]
[Termination "GOGIEFF won on time"]

1. d4 Nf6 2. c4 d6 3. Nf3 g6 4. Nc3 Bf5 5. h3 Ne4 6. Nxe4 Bxe4 7. Ng5 Bf5 8. e4 Bd7 9. Be2 Bg7 10. Be3 c5 11. dxc5 dxc5 12. O-O O-O 13. Bxc5 Bxb2 14. Rb1 Bf6 15. Nf3 Qc7 16. e5 Qxc5 17.
exf6 exf6 18. Rxb7 Bc6 19. Rb2 Nd7 20. Nd4 Rad8 21.
Nxc6 Qxc6 22. Qd4 Nc5 23. Qh4 Rfe8 24. Bf3 Qa6 25. Bd5 Kg7 26. Qd4 Ne6 27. Qe3 Nc7 28. Qb3 Nxd5 29. cxd5 Rd6 30. Rd1 Red8 31. Rbd2 Qa5 32.
h4 h5 33. g3 Qc5 34. Qe3 Qxe3 35. fxe3 f5 36. Rd4 Kf6 37. Kf2 Ke5 38. Ra4 R8d7 39.
Ra5 Rb6 40. a4 a6 41. Kf3 Rdd6 42. Rc5 Rb7 43. a5 Rbd7 44. Rc8 Rxd5 45. Ra1 R7d6 46. Rb8 Rc5 47. Rb6 Rxa5 48. Rxa5+ 1-0

[Event "Early-Titled-Tuesday-Blitz-January-30-2024"]
[Site "Chess.com"]
[Date "2024.01.30"]
[Round "8"]
[White "Timerkhanov"]
[Black "WindWhistler11"]
[Result "0-1"]
[WhiteElo "2647"]
[BlackElo "2488"]
[TimeControl "180+1"]
[EndTime "9:30:22 PST"]
[Termination "WindWhistler11 won on time"]

1. d4 e6 2. e4 d5 3. Bd3 Nc6 4. exd5 exd5 5. c3 Bd6 6. Nf3 Nge7 7. O-O f6 8. h3 Bf5 9. Re1 Qd7 10.
b4 O-O 11. Qc2 Bxd3 12. Qxd3 Qf5 13. Qb5 a6 14. Qf1 Ng6 15. Be3 Qc2 16. Rc1 Qf5 17.
Nbd2 Rae8 18. Nb3 b6 19. Qxa6 Bf4 20. Re1 Re7 21. Qb5 Na7 22. Qf1 Rfe8 23. Bxf4 Nxf4 24.
Rxe7 Rxe7 25. Re1 Nc8 26. Nc1 Re4 27. Rxe4 dxe4 28. Nh2 Nd6 29. Ng4 Qg5 30. g3 Nd5 31.
Qe1 h5 32. Ne3 Nf4 33. Kh2 h4 34. gxf4 Qxf4+ 35. Kg1 Nf7 36. Ne2 Qf3 37. Qf1 Ng5 38. Kh2 Qh5 39. Ng1 Kh7 40. a4 Ne6 41. Qg2 f5 42. f3 Nf4 43. Qf2 Nd3 44. Qf1 Qg5 45.
fxe4 Qg3+ 46. Kh1 Nf2+ 47. Qxf2 Qxf2 48. Nxf5 Qc2 0-1

[Event "Early-Titled-Tuesday-Blitz-January-30-2024"]
[Site "Chess.com"]
[Date "2024.01.30"]
[Round "8"]
[White "Kiborg95"]
[Black "Firouzja2003"]
[Result "0-1"]
[WhiteElo "2867"]
[BlackElo "3143"]
[TimeControl "180+1"]
[EndTime "9:30:23 PST"]
[Termination "Firouzja2003 won by resignation"]

1. e4 e5 2. Nf3 Nc6 3. Bc4 Bc5 4. O-O Nf6 5. d3 a6 6. c3 Ba7 7. Re1 h6 8. Bb3 g5 9. Na3 d6 10. Nc4 g4 11. Nfd2 h5 12. Nf1 h4 13. Be3 g3 14.
fxg3 hxg3 15. hxg3 Ng4 16. Bxa7 Qg5 17. Qf3 Qh5 18. Nh2 Qxh2+ 19. Kf1 Rxa7 20. Ke2 Qh6 21. Nb6 cxb6 22. Rh1 Qxh1 23. Rxh1 Rxh1 24. Qxf7+ Kd8 25.
Be6 Bxe6 26. Qxe6 Kc7 27. Qxg4 b5 28. Qg7+ Kb6 29. Qf6 Ra8 30. Qxd6 Rd8 31. Qf6 Rb1 32. d4 exd4 33. cxd4 Rxb2+ 34. Kf3 Rxd4 35. e5 Rd3+ 36. Kg4 Rb4+ 37. Kh3 Re4 38. e6 Rde3 39. Qf2 Rxe6 40.
Kh2 Rh6+ 41. Kg1 Re6 42. g4 Ka5 43. g5 R3e5 44. g4 b4 45. Kh2 Rxg5 0-1

[Event "Early-Titled-Tuesday-Blitz-January-30-2024"]
[Site "Chess.com"]
[Date "2024.01.30"]
[Round "8"]
[White "Nekoo04"]
[Black "Mourinho_Jose"]
[Result "1-0"]
[WhiteElo "2398"]
[BlackElo "2505"]
[TimeControl "180+1"]
[EndTime "9:30:26 PST"]
[Termination "Nekoo04 won on time"]

1. d4 d5 2. c4 c6 3. Nf3 Nf6 4. Qc2 dxc4 5. e4 b5 6. b3 cxb3 7. axb3 Bb7 8. Bd2 e6 9. Ba5 Qc8 10. b4 a6 11. Nbd2 Be7 12. Bd3 g6 13. O-O O-O 14. Rfc1 Nh5 15. Ne5 Nf6 16. Nb3 Nfd7 17. Nxd7 Nxd7 18. e5 Rb8 19. Be4 Bg5 20. Rd1 Be7 21.
f4 Re8 22. Rac1 Ra8 23. Bxc6 Bxc6 24. Qxc6 Qxc6 25. Rxc6 g5 26. g3 gxf4 27. gxf4 Nf8 28. Kf2 Ng6 29. Ke3 Rac8 30. Rdc1 Ra8 31. d5 exd5 32. Nd4 Bf8 33. Nf5 Re6 34. h4 Rae8 35. h5 Ne7 36. Nxe7+ R8xe7 37. Rxe6 fxe6 38. Rc6 Bh6 39. Rxa6 Rf7 40. Rxe6 Bxf4+ 41. Kd4 Rd7 42.
h6 1-0

[Event "Early-Titled-Tuesday-Blitz-January-30-2024"]
[Site "Chess.com"]
[Date "2024.01.30"]
[Round "8"]
[White "maciek_92"]
[Black "arenal72"]
[Result "1-0"]
[WhiteElo "2798"]
[BlackElo "2582"]
[TimeControl "180+1"]
[EndTime "9:30:28 PST"]
[Termination "maciek_92 won on time"]

1. d4 d6 2. Bg5 h6 3. Bh4 g5 4.
Bg3 f5 5. e3 Nf6 6. Nd2 Bg7 7.
h4 g4 8. Bc4 a6 9. Ne2 b5 10. Bb3 e6 11. Nf4 Kf7 12. a4 b4 13.
f3 h5 14. e4 d5 15. exf5 exf5 16. O-O Nc6 17. c3 Re8 18. a5 Bh6 19. Nd3 bxc3 20. bxc3 Re3 21. Ne5+ Nxe5 22. Bxe5 Be6 23. Rf2 Nd7 24.
Nf1 Qxh4 25. Bg3 Qe7 26. fxg4 hxg4 27. Qxg4 Rg8 28. Qh5+ Rg6 29. Bxd5 Bxd5 30. Qxf5+ Kg7 31. Qxd5 Rexg3 32. Nxg3 Rxg3 33. Rf3 Rxf3 34. Qxf3 c5 35. Rd1 cxd4 36. cxd4 Qh4 37. d5 Ne5 38. Qf2 Qe4 39. Qg3+ Kh7 40. d6 Be3+ 41. Kh1 Ng4 42. d7 Bf2 43. Qh3+ Kg7 44. d8=Q 1-0

[Event "Early-Titled-Tuesday-Blitz-January-30-2024"]
[Site "Chess.com"]
[Date "2024.01.30"]
[Round "8"]
[White "ilushka"]
[Black "Shushik"]
[Result "1-0"]
[WhiteElo "2365"]
[BlackElo "2514"]
[TimeControl "180+1"]
[EndTime "9:30:28 PST"]
[Termination "ilushka won by checkmate"]

1. e4 e5 2. Nf3 Nc6 3. Bb5 Nf6 4. O-O Nxe4 5. d4 Nd6 6. Bxc6 dxc6 7. dxe5 Nf5 8. Qxd8+ Kxd8 9. Nc3 Ke8 10. h3 Bc5 11. Ne4 Bb6 12. a4 a6 13. a5 Ba7 14. b3 Be6 15. Ba3 Nd4 16. Bc5 Nxf3+ 17. gxf3 Bxh3 18. Rfd1 Bf5 19. Bxa7 Bxe4 20. fxe4 Rxa7 21. Rd4 Ke7 22.
Rad1 Ke6 23. f4 Raa8 24. Rb4 Rab8 25. Kf2 g6 26. Ke3 Rhe8 27. Rbd4 h5 28. Rd7 Rbc8 29.
Kf3 Rg8 30. Kg3 g5 31. f5+ Kxe5 32. Re7+ Kf6 33. Rdd7 Rgf8 34. Kf3 b6 35. Rxc7 bxa5 36. Rxf7+ Rxf7 37. Rxc8 Ke5 38. Rxc6 g4+ 39. Ke3 Re7 40. Rc5+ Kf6 41. Kf4 h4 42. e5+ Kf7 43. Kxg4 Re8 44. Kxh4 Rh8+ 45. Kg5 Rh2 46. Rc7+ Ke8 47. e6 a4 48. bxa4 a5 49. f6 Rg2+ 50. Kh4 Rh2+ 51. Kg3 Rd2 52. Rc8+ Rd8 53. f7+ Ke7 54. Rxd8 Kxd8 55.
f8=Q+ Kc7 56. Qc5+ Kb7 57. e7 Ka6 58. e8=Q Kb7 59.
Qec8# 1-0